AoeStats
← Malik Bhai

Hideout

508561634Analyzed
1v1 RM · 9d ago on Sep 23, 2026· 42m 49s· 2 players
Game mode
Random Map
Map size
Tiny (2 player)
Population
200
Speed
Normal
Resources
Standard
Victory
Conquest
Starting age
Dark Age
Ending age
Imperial Age
RankedLock teamsTeams togetherTeam positionsShared explorationLock speedFull tech treeHidden civsTurbo modeCheats
Victory
Defeat
🇺🇸 Varangians · United States
1668
+16
🇵🇰 Italians · Pakistan
1671
-16
Veci
8:50 Loom
10:35 Feudal Age
15:15 Castle Age
14:03 Fletching
15:23 Double-Bit Axe
19:18 Horse Collar
22:27 Bow Saw
22:21 Heavy Plow
22:58 Town Watch
25:29 Wheelbarrow
28:01 Scale Barding Armor
27:59 Scale Mail Armor
33:42 Imperial Age
32:57 Chain Mail Armor
33:52 Squires
33:38 Arson
34:10 Forging
33:52 Capped Ram
36:51 Plate Mail Armor
38:47 Crop Rotation
39:16 Conscription
40:08 Gambesons
40:06 Pikeman
Malik Bhai
6:03 Loom
8:11 Feudal Age
9:24 Double-Bit Axe
12:34 Fletching
13:17 Horse Collar
22:24 Castle Age
20:59 Scale Mail Armor
21:09 Forging
22:06 Gold Mining
22:40 Scale Barding Armor
23:12 Bloodlines
33:28 Imperial Age
33:00 Bodkin Arrow
36:09 Bracer
37:44 Crossbowman
Connection lost

Rejoining the realm…

Still unreachable

The connection could not be restored.

Session expired

The server has moved on; the page needs a fresh start.